Map: Golden Wall LE

Players

HeroMarine

  • Race: Terran Terran
  • Spawn Location: 7:00

Zest - Winner!

  • Race: Protoss Protoss
  • Spawn Location: 5:00

Event: War Chest Team League

VOD

Have the link to the VOD?

Description

Time

  • Played on: Aug. 7, 2020, 11:03 a.m.
  • Length: 11:26
Show
View Real Time Build Order
Export as new Build Order

HeroMarine Terran 

Build Orders:  

Get SALT Encoding   

  12  0:00  SCV  
  13  0:12  SCV  
  14  0:18  Supply Depot  
  14  0:24  SCV  
  15  0:39  SCV  
  15  0:40  Barracks  
  16  0:44  Refinery  
  16  0:51  SCV  
  17  1:03  SCV  
  18  1:07  Supply Depot  
  18  1:16  SCV  
  19  1:28  Reaper, Orbital Command  
  20  1:54  SCV  
  21  1:58  Command Center  
  21  2:01  Marine  
  21  2:06  SCV  
  23  2:11  Barracks  
  23  2:18  SCV  
  24  2:22  Refinery  
  24  2:25  Barracks Reactor  
  24  2:30  SCV  
  24  2:32  Factory  
  25  2:42  SCV  
  26  2:54  SCV  
  27  3:00  Barracks Tech Lab  
  27  3:01  Marine  
  27  3:02  Marine  
  29  3:06  SCV  
  29  3:09  Orbital Command  
  30  3:18  SCV, Stimpack  
  30  3:19  Marine, Widow Mine  
  34  3:20  Marine x2  
  36  3:30  SCV  
  37  3:38  SCV  
  37  3:40  Marine  
  37  3:41  Marine x2  
  41  3:42  SCV  
  41  3:43  Factory Reactor, Starport  
  42  3:50  SCV, Supply Depot  
  42  3:55  SCV  
  44  3:59  Bunker  
  44  4:02  SCV  
  45  4:04  Supply Depot  
  45  4:07  SCV  
  46  4:11  Engineering Bay  
  46  4:12  Marine x3  
  46  4:15  SCV  
  50  4:19  SCV, Medivac  
  53  4:25  Widow Mine x2  
  53  4:27  Supply Depot  
  53  4:30  SCV  
  53  4:31  SCV  
  58  4:38  Terran Infantry Weapons Level 1  
  58  4:39  Barracks  
  58  4:40  Marine  
  58  4:41  Marine  
  58  4:42  Marine  
  61  4:47  SCV, Refinery  
  61  4:49  SCV  
  63  4:58  Marine x2  
  63  4:59  SCV, Marine, Factory Tech Lab  
  66  5:01  SCV  
  66  5:04  Medivac  
  70  5:09  Medivac, Supply Depot  
  72  5:15  Marine  
  72  5:16  Marine  
  72  5:17  Marine  
  75  5:22  Supply Depot, Refinery  
  75  5:24  Siege Tank  
  76  5:30  Combat Shield  
  76  5:33  Marine  
  76  5:34  Marine  
  78  5:36  Marauder  
  80  5:44  Supply Depot  
  80  5:45  Supply Depot, Marine x2  
  80  5:49  Medivac  
  82  5:51  Marine  
  82  5:55  Marine  
  84  5:57  Marauder  
  84  6:03  Marine x2  
  86  6:05  Siege Tank  
  86  6:09  Marine  
  90  6:13  Marine  
  90  6:17  Missile Turret  
  92  6:18  Marauder  
  92  6:21  Marine x2  
  92  6:24  Liberator  
  97  6:27  Marine  
  97  6:30  Supply Depot  
  97  6:31  Marine  
  99  6:39  Marine x2  
  102  6:40  Marauder, Siege Tank  
  102  6:44  Marine  
  102  6:45  Supply Depot x2  
  106  6:49  Marine  
  105  6:57  Marine x2  
  105  7:01  Marine  
  105  7:02  Marine  
  105  7:08  Orbital Command  
  71  7:39  Hellion  
  65  7:47  Marine  
  53  8:04  Marine  
  18  8:22  Marine  
  18  8:24  SCV x2  
  20  8:36  SCV x2  
  20  8:40  Marine  
  18  8:44  Marine x2  
  19  8:48  SCV x2  
  19  8:53  Marine  
  21  8:58  Marine  
  21  9:00  SCV  
  21  9:03  Marine  
  21  9:04  Marine  
  21  9:07  Medivac  
  24  9:11  Marine  
  24  9:13  SCV  
  24  9:16  Marine  
  27  9:23  Factory Tech Lab  
  28  9:25  SCV  
  28  9:29  Marine  
  28  9:30  Marine  
  31  9:34  Marine  
  32  9:39  Medivac  
  32  9:44  Siege Tank  
  37  9:46  Marine  
  37  9:49  Marine  
  37  9:51  SCV  
  37  9:52  SCV  
  40  9:56  Marine  
  41  10:06  SCV  
  42  10:08  SCV  
  42  10:09  Orbital Command  
  43  10:16  Siege Tank  
  43  10:20  SCV  
  47  10:29  Marine x2  
  47  10:31  Medivac  
  47  10:33  SCV  
  47  10:35  SCV  
  53  10:47  Marine x3  
  58  11:04  Marine  
Show
View Real Time Build Order
Export as new Build Order

Zest Protoss - Winner!

Build Orders: 1 Gate Expand, Phoenix Opening, Blink Stalkers 

Get SALT Encoding   

  12  0:00  Probe  
  13  0:12  Probe  
  14  0:17  Pylon  
  14  0:24  Probe (Chrono Boost)  
  15  0:36  Probe (Chrono Boost)  
  15  0:37  Gateway  
  16  0:44  Probe (Chrono Boost)  
  16  0:47  Assimilator  
  17  0:51  Probe  
  18  1:03  Probe  
  19  1:15  Probe  
  20  1:24  Cybernetics Core  
  20  1:34  Nexus  
  20  1:38  Probe  
  21  1:45  Pylon  
  21  1:50  Probe  
  22  1:56  Assimilator  
  22  2:02  Probe, Sentry (Chrono Boost)  
  25  2:11  Warp Gate  
  25  2:14  Probe  
  26  2:24  Stalker  
  26  2:26  Probe (Chrono Boost)  
  30  2:38  Probe (Chrono Boost), Phoenix  
  30  2:43  Twilight Council  
  30  2:47  Probe (Chrono Boost)  
  30  2:48  Probe (Chrono Boost)  
  32  2:54  Stalker  
  32  2:56  Probe (Chrono Boost)  
  32  2:57  Probe (Chrono Boost)  
  36  3:00  Gateway  
  36  3:01  Probe  
  37  3:07  Probe  
  38  3:14  Probe, Blink (Chrono Boost)  
  38  3:19  Probe  
  40  3:26  Probe  
  41  3:31  Probe  
  42  3:38  Probe  
  43  3:41  Robotics Facility  
  43  3:43  Probe  
  43  3:45  Pylon  
  44  3:50  Probe  
  44  3:55  Probe  
  46  4:01  Assimilator  
  46  4:02  Nexus  
  46  4:04  Sentry  
  46  4:06  Probe  
  46  4:07  Probe, Phoenix  
  50  4:14  Gateway  
  50  4:15  Gateway  
  50  4:18  Probe  
  50  4:23  Sentry, Pylon  
  53  4:27  Probe  
  54  4:40  Pylon  
  54  4:41  Probe, Observer  
  54  4:43  Probe, Pylon  
  57  4:50  Gateway  
  57  4:51  Gateway  
  57  4:53  Probe  
  57  4:55  Probe  
  59  5:00  Stalker  
  59  5:01  Stalker  
  59  5:05  Probe, Observer (Chrono Boost)  
  65  5:08  Probe  
  65  5:11  Charge  
  66  5:17  Probe  
  66  5:19  Probe  
  66  5:20  Probe  
  69  5:23  Warp Prism (Chrono Boost)  
  71  5:31  Probe  
  71  5:32  Probe x2, Gateway x2  
  71  5:33  Sentry  
  71  5:34  Sentry  
  71  5:35  Stalker  
  79  5:48  Probe x2  
  79  5:49  Stalker  
  81  5:50  Stalker  
  81  5:56  Immortal (Chrono Boost)  
  83  5:57  Pylon  
  87  6:05  Probe  
  87  6:06  Probe x2  
  87  6:07  Observer  
  87  6:09  Pylon  
  90  6:11  Pylon  
  90  6:16  Zealot x4  
  98  6:18  Zealot  
  100  6:26  Forge  
  99  6:40  Pylon  
  99  6:41  Warp Prism (Chrono Boost)  
  101  6:53  Zealot x3  
  101  6:54  Zealot x5  
  116  7:10  Immortal  
  116  7:14  Zealot x5  
  116  7:15  Zealot  
  116  7:27  Shield Battery, Sentry x2  
  116  7:28  Shield Battery  
  116  7:29  Shield Battery  
  120  7:30  Shield Battery  
  120  7:33  Photon Cannon  
  120  7:34  Photon Cannon  
  120  7:37  Zealot  
  111  7:43  Zealot x3  
  109  7:48  Zealot x2  
  76  8:00  Stalker  
  76  8:01  Stalker x2  
  76  8:04  Zealot  
  58  8:11  Zealot  
  42  8:19  Stalker  
  38  8:25  Probe x2 (Chrono Boost)  
  38  8:26  Probe (Chrono Boost)  
  37  8:37  Probe x2 (Chrono Boost)  
  37  8:38  Probe (Chrono Boost)  
  40  8:43  Probe (Chrono Boost)  
  40  8:44  Probe (Chrono Boost)  
  40  8:45  Probe (Chrono Boost)  
  40  8:46  Stalker x2  
  45  8:55  Observer  
  45  8:59  Probe x3  
  48  9:11  Stalker x4  
  56  9:18  Probe x2 (Chrono Boost)  
  56  9:19  Probe (Chrono Boost)  
  56  9:23  Observer  
  59  9:27  Sentry x2  
  59  9:28  Probe x3 (Chrono Boost)  
  59  9:29  Sentry  
  68  9:33  Probe x2 (Chrono Boost)  
  70  9:40  Sentry  
  70  9:41  Stalker x2  
  76  9:48  Probe x2  
  78  9:55  Pylon  
  78  10:00  Probe  
  79  10:10  Stalker x4  
  79  10:11  Stalker  
  89  10:28  Dark Shrine  
  89  10:31  Zealot, Assimilator  
  89  10:32  Zealot x2  
  89  10:33  Zealot, Assimilator  
  89  10:35  Pylon  
  97  10:45  Probe x3  
  97  10:48  Shield Battery  
  97  10:49  Shield Battery  
  98  11:04  Zealot x4  
  104  11:12  Stalker  
  104  11:13  Stalker x3  
Tags
 
Add a new tag
Caveats
  • Supply blocks, unpowered buildings, or Contaminate may cause inaccurate times.
  • Supply counts are checked every 10 seconds.